hothraxxa, lawful female human Samurai --------- |.......| ----- |.......| ----- ...| |..._...| |... ---------[$-- ---- |.......| ------- --..--------- |.......|...-- --.)). | |.......| | .......-- --$..|.......| |.....%.|[...---...... |. ----|---- .| .%.......---).$.|.....@.| |..._..$-.....-........ |..$.$........| ....%.%...%a[%..-...@@..| |.......|)...---.......) ---.).......--- )........---...)|[......| |.......|...-- --....... -----|----- -.../...-- --...|.......| ---------..-- ----|--- --$..)... ---%---- --..--------- ...| |...--------")...... -------.%.| |... ----- |.........|.$..).... |.........| ----- -------.).--........ --...------- |....--.......--....| ---...----|----...--- |..)............| ----------------- hothraxxa the Daimyo Experience level: 25 Strength: 25 Dexterity: 18 Constitution: 18 Intelligence: 11 Wisdom: 17 Charisma: 9 Health: 496(496) Energy: 199(199) AC: -47 Gold: 0 Moves: 55014 Your Inventory: Amulets K - the [uncursed] Amulet of Yendor named FAKE [cheap plastic imitation] X - a blessed amulet of life saving (being worn) Weapons a - the blessed rustproof +6 Excalibur (weapon in hand) m - 11 blessed +7 thirsty shuriken (in quiver) Armor s - a blessed +4 shield of reflection (being worn) A - a blessed +4 chromatic dragon scale mail [chromatic dragon scale mail] (being worn) C - a blessed greased fireproof +5 cloak of magic resistance (being worn) G - a blessed rustproof +5 pair of gauntlets of power (being worn) H - a blessed greased rustproof +4 orcish helm (being worn) S - a blessed fireproof +4 pair of speed boots (being worn) U - a blessed +5 T-shirt (being worn) Comestibles d - 8 uncursed [stale] eggs i - an uncursed partly eaten K-ration L - a blessed lizard corpse named Larry Scrolls j - a blessed scroll of taming Spellbooks O - the blessed Book of the Dead Rings D - a blessed ring of conflict E - a blessed ring of free action (on left hand) F - a blessed ring of levitation J - an uncursed ring called ivory 200 named 4309 [of slow digestion] (on right hand) Wands e - a cursed wand of digging [0:5] f - an uncursed wand of cold (0:6) g - an uncursed wand of sleep [0:2] h - an uncursed wand of teleportation (0:4) o - an uncursed wand of teleportation (0:0) q - an uncursed wand of death (1:5) z - a cursed wand of striking [0:3] B - an [uncursed] wand of death [0:4] I - a cursed wand of secret door detection (1:5) N - an uncursed wand of cold (0:7) P - an uncursed wand of probing [0:2] Q - an uncursed wand of cancellation (0:6) V - a cursed wand of fire (0:4) Z - an uncursed wand of cancellation (0:2) Tools b - a blessed greased bag of holding c - a blessed stethoscope k - a blessed key [skeleton key] l - a blessed magic lamp (lit) r - an uncursed candelabrum [Candelabrum of Invocation] (7 candles attached) u - a blessed +0 unicorn horn of warning w - an uncursed magic whistle R - the blessed Bell of Opening (0:2) T - a blessed towel Gems n - a blessed luckstone p - 6 uncursed topaz stones t - 5 uncursed opals v - 9 cursed sapphires x - 8 uncursed turquoise stones M - 9 uncursed rubies Contents of the bag of holding: 22186 gold pieces an uncursed amulet of life saving an uncursed amulet of magical breathing the blessed +0 Tsurugi of Muramasa an uncursed rustproof [+0] katana named Snickersnee [Snickersnee] an uncursed +0 mummy wrapping a blessed +2 pair of jungle boots of brilliance [water walking] 4 uncursed K-rations 2 uncursed fortune cookies 2 uncursed plums a blessed tin of Wizard of Yendor meat an uncursed tripe ration 2 uncursed scrolls called scare monster [of scare monster] an uncursed scroll called scare monster [of scare monster] 5 blessed scrolls of confuse monster 2 blessed scrolls of enchant armor 2 uncursed scrolls of enchant weapon 2 blessed scrolls of gold detection 5 uncursed scrolls of gold detection 10 uncursed scrolls of identify a blessed scroll of remove curse a cursed scroll of remove curse a blessed scroll of stinking cloud an uncursed scroll of stinking cloud 10 blessed potions called water [of holy water] 3 cursed potions called water [of unholy water] 8 blessed potions of full healing an uncursed ring of conflict an uncursed ring of free action an uncursed ring of regeneration an uncursed wand of cold [0:3] an uncursed wand of cold [0:2] an uncursed wand of digging [0:5] an uncursed wand of digging [0:5] an uncursed wand of digging [0:8] an uncursed wand of fire [0:1] an uncursed wand of fire [0:7] an uncursed wand of lightning [0:4] an uncursed wand of opening (0:3) an uncursed wand of polymorph (0:2) an uncursed wand of sleep [0:8] an uncursed wand of sleep [0:8] an uncursed wand of sleep [0:4] an uncursed wand of slow monster [0:5] an uncursed wand of slow monster [0:5] an uncursed wand of striking [0:2] an uncursed wand of teleportation (0:8) an uncursed wand of teleportation (0:7) an uncursed wand of teleportation (0:6) an uncursed wand of teleportation (0:6) an uncursed can of grease [0:10] an uncursed [+0] pick-axe of stealth an uncursed sack 3 uncursed agate stones 5 uncursed amber stones 5 uncursed amethyst stones 4 uncursed chrysoberyl stones 3 uncursed citrine stones 6 uncursed diamonds 5 uncursed emeralds an uncursed emerald named The Eye of Hera an uncursed flint stone 4 uncursed fluorite stones an uncursed garnet stone 2 uncursed jacinth stones 3 uncursed jasper stones 4 uncursed jet stones 12 uncursed obsidian stones a blessed touchstone Spells known in the end: Name Level Category Fail Memory a - detect monsters 1* divination 100% [........] b - knock 1* matter 100% [........] c - confuse monster 2* enchantment 100% [........] d - cure blindness 2* healing 100% [........] e - extra healing 3* healing 100% [........] f - wizard lock 2* matter 100% [........] g - force bolt 1 attack 100% [||......] Your skills at the end: Fighting Skills martial arts [Skilled / Master] two weapon combat [Expert / Expert] body armor [Expert / Expert] shield [Skilled / Skilled] Weapon Skills short sword [Basic / Expert] long sword [Expert / Expert] bow [Basic / Expert] shuriken [Skilled / Expert] Spellcasting Skills Final Attributes: You were piously aligned. Hunger level was 1109. Your alignment was 285 / 285. Monster difficulty range was 16 - 57. Level difficulty was 67. You were immune to fire. You were immune to cold. You were immune to sleep. You were immune to disintegration. You were immune to electricity. You were immune to poison. You were immune to level-drain. You were magic-protected. You were immune to acid. You were immune to petrification. You saw invisible. You were telepathic. You had automatic searching. You were invisible to others. You were stealthy. You had slower digestion. You were protected. You were very fast. You had reflection. You had free action. Your life would have been saved. You were very lucky (8). You had extra luck. Good luck did not time out for you. You survived. Vanquished creatures: Cthulhu Asmodeus Baalzebub Dispater Geryon Orcus Yeenoghu Juiblex The Wizard of Yendor (thrice) Pestilence Famine (twice) Vlad the Impaler an arch-lich 3 mastodons 6 vorpal jabberwocks Medusa 8 krakens 4 iron golems 2 master liches 3 chromatic dragons 4 storm giants a titan a glass golem 9 balrogs 13 purple worms 9 guivres 11 sarkanies 14 amphiteres 10 wyverns 14 sirrushes 19 gold dragons 17 leviathans 11 lindworms 17 tatzelworms 10 drakens 2 minotaurs 9 jabberwocks Ashikaga Takauji 7 baluchitheria 22 Angels 11 demiliches 3 stone golems 16 Olog-hai 3 Nazgul 28 pit fiends a sandestin 12 hell hounds 12 titanotheres 7 trappers 2 baby gold dragons 13 disenchanters 60 vampire lords 6 skeletons 11 shopkeepers 40 aligned priests 7 captains 9 shades 12 liches 2 water trolls 10 nurses 16 ice devils 11 nalfeshnees Aphrodite 9 frost giants 6 ettins a golden naga 13 black puddings 33 vampires 8 lieutenants 4 watch captains 50 ghosts a knight a priestess a ranger 8 samurai a wizard a queen bee 18 locusts 6 winged gargoyles 7 mind flayers 9 giant mimics 5 zruties 9 fire giants 3 ogre kings 13 ice trolls 10 rock trolls 8 umber hulks 10 Elvenkings 4 doppelgangers 18 hezrous 33 bone devils 6 large mimics 3 wumpuses 4 fire vortices a baby long worm a baby purple worm 11 long worms 2 couatls 72 stalkers 4 air elementals 7 fire elementals 2 earth elementals 4 water elementals 15 hill giants 4 giant mummies 8 xorns 22 giant zombies 17 elf-lords 14 sergeants 15 barbed devils 17 vrocks 23 wargs 2 winter wolves 6 hell hound pups 13 small mimics 3 glass piercers 2 rodents of unusual size 5 warhorses 3 steam vortices 8 xans 4 ettin mummies 7 ogre lords 11 quantum mechanics 28 trolls 2 sasquatches 3 wood golems 3 erinyes 10 mariliths 12 sharks 3 electric eels 3 giant turtles 3 gelatinous cubes 3 pyrolisks 4 large dogs 5 freezing spheres 4 flaming spheres 11 shocking spheres 5 large cats 9 tigers 11 gargoyles 4 tengu an ochre jelly 7 leocrottas 4 energy vortices 4 mountain centaurs 4 stone giants 3 elf mummies 6 human mummies 4 red nagas 6 green slimes 9 pit vipers 3 pythons a cobra 65 wraiths a carnivorous ape 31 ettin zombies 3 leather golems 13 Grey-elves 78 soldiers 13 watchmen 15 horned devils 9 succubi 5 incubi 6 chameleons a crocodile 14 giant beetles 4 quivering blobs 21 cockatrices 150 wolves 16 winter wolf cubs 2 lynxes 3 panthers 6 gremlins 3 spotted jellies 18 leprechauns 6 orc-captains 6 iron piercers 3 mumakil 21 giant spiders 7 scorpions 5 horses an ice vortex 4 black lights 8 vampire bats 3 forest centaurs 7 gnome kings 3 orc mummies 4 dwarf mummies 16 ogres 8 brown puddings 8 rust monsters 10 owlbears 5 yetis 2 werewolves 32 Green-elves 5 piranhas 19 giant eels 13 lizards 20 ninja 2 roshis 6 chickatrices 5 dogs 3 dingos 3 housecats 5 jaguars 3 dwarf lords 3 blue jellies a white unicorn 5 gray unicorns 5 black unicorns 4 dust vortices 22 ravens 3 plains centaurs 2 gnome mummies 13 snakes 6 apes 55 human zombies 2 rope golems 14 Woodland-elves 9 soldier ants 11 fire ants 7 snow ants 10 bugbears 5 imps 100 lemures 13 quasits 14 wood nymphs 10 water nymphs 14 mountain nymphs 4 Mordor orcs 14 Uruk-hai an orc shaman 5 rock piercers 4 enormous rats 4 rock moles 4 ponies 5 fog clouds 8 yellow lights 4 shriekers 2 violet fungi 26 gnome lords 9 gnomish wizards 5 kobold mummies a red naga hatchling 2 black naga hatchlings 2 guardian naga hatchlings a gray ooze 2 barrow wights 30 elf zombies 28 ghouls 3 straw golems 3 paper golems 3 wax golems 7 jellyfish a baby crocodile 28 giant ants 5 little dogs 7 floating eyes 3 kittens 15 dwarves 18 homunculi 4 kobold lords 3 kobold shamans 10 hill orcs 28 rothes 4 rabid rats a centipede 2 giant bats a monkey 31 orc zombies 22 dwarf zombies 2 wererats 6 werejackals 4 muggers 8 iguanas 67 killer bees 36 acid blobs 12 coyotes 4 gas spores 6 hobbits 59 manes 4 large kobolds 19 hobgoblins 10 giant rats 14 cave spiders 5 brown molds 2 yellow molds 4 green molds 4 red molds 90 gnomes 7 garter snakes 21 gnome zombies 6 geckos 24 jackals 4 foxes 3 kobolds 9 goblins 3 sewer rats 9 grid bugs 7 bats 13 lichens 29 kobold zombies 9 newts 3226 creatures vanquished. Genocided or extinct species: wolves (extinct) master mind flayers master liches arch-liches soldiers (extinct) erinyes (extinct) 3 species genocided. 6 species extinct. Voluntary challenges: You used a wielded weapon 5130 times. You read items or engraved 171 times. You put on armor 174 times. You genocided 3 types of monsters. You polymorphed 298 items. You changed form 1 time. You used 5 wishes. You used 3 wishes for magical items. You wrote Elbereth's name 44 times. You never encountered a bones level. You never used any Sokoban shortcuts. Dungeon overview: The Dungeons of Doom: levels 1 to 27 Level 1 a sink stairs to The Elemental Planes Level 2 an altar, a sink stairs to The Gnomish Mines Level 3 a general store, an altar to Amaterasu Omikami Level 4 an altar to Amaterasu Omikami, a sink Level 5 some fountains Level 6 a fountain stairs to Sokoban Level 7 a fountain stairs to Town Level 8 a fountain Level 9 a sink Level 11 a potion shop, an altar to Amaterasu Omikami, a fountain portal to The Quest Level 12 an armor shop, some fountains portal to Fort Ludios Level 14 an altar to Amaterasu Omikami, a fountain Level 15 a general store, some fountains Level 18 a fountain Level 19 a temple Level 20 a fountain Level 21 some fountains Level 22 some fountains Level 23 a fountain Level 24 a fountain Level 25 a fountain Level 27 a magic chest, a fountain Gehennom: levels 28 to 52 Level 28 a temple, a magic chest stairs to The Dungeons of Doom Level 31 many fountains Level 34 many fountains Level 37 stairs to Vlad's Tower Level 39 a lighting shop, some altars, a magic chest, a fountain stairs to The Dragon Caves Level 41 many trees Level 44 portal to Gehennom Level 46 a magic chest Level 48 portal to Gehennom Level 52 a temple The Gnomish Mines: levels 3 to 11 Level 3 stairs to The Dungeons of Doom Level 5 some shops, a temple to Amaterasu Omikami, a magic chest, a fountain The Quest: levels 1 to 6 Level 1 a magic chest portal to The Dungeons of Doom Sokoban: levels 3 to 5 Level 5 a magic chest stairs to The Dungeons of Doom Town: levels 4 to 6 Level 4 many shops, some fountains, a sink Level 5 many fountains, many trees Level 6 stairs to The Dungeons of Doom Fort Ludios: Level 1 portal to The Dungeons of Doom Vlad's Tower: levels 33 to 36 Level 36 many trees stairs to Gehennom The Dragon Caves: levels 40 to 43 Level 40 many trees stairs to Gehennom Level 41 a jewelry store, many trees Level 42 many trees Level 43 many trees The Elemental Planes: Astral Plane <- You were here some temples Plane of Air portal to The Elemental Planes Plane of Fire portal to The Elemental Planes Plane of Water portal to The Elemental Planes Plane of Earth portal to The Elemental Planes History has recorded: On T:1 you entered the Dungeons of Doom to retrieve the Amulet of Yendor! On T:136 you reached level 2 of The Dungeons of Doom. On T:210 you advanced to experience level 2. On T:283 you reached level 3 of The Dungeons of Doom. On T:319 you reached level 1 of The Gnomish Mines. On T:320 you advanced to experience level 3. On T:325 you advanced to experience level 4. On T:332 you reached level 2 of The Gnomish Mines. On T:334 you reached level 3 of The Gnomish Mines. On T:369 you advanced to experience level 5. On T:606 you received a rustproof wakizashi of telepathy from Amaterasu Omikami. On T:641 you advanced to experience level 6. On T:762 you advanced to experience level 7. On T:1339 you advanced to experience level 8. On T:1917 you reached level 4 of The Dungeons of Doom. On T:1939 you reached level 5 of The Dungeons of Doom. On T:2209 you reached level 6 of The Dungeons of Doom. On T:2228 you reached level 3 of Sokoban. On T:2707 you reached level 2 of Sokoban. On T:3123 you reached level 1 of Sokoban. On T:4172 you advanced to experience level 9. On T:4662 you reached level 7 of The Dungeons of Doom. On T:7493 you reached level 4 of The Gnomish Mines. On T:7641 you reached level 5 of The Gnomish Mines. On T:8043 you reached level 6 of The Gnomish Mines. On T:8084 you reached level 7 of The Gnomish Mines. On T:8151 you advanced to experience level 10. On T:8363 you reached level 8 of The Gnomish Mines. On T:8609 you reached level 9 of The Gnomish Mines. On T:12638 you reached level 8 of The Dungeons of Doom. On T:12712 you reached level 3 of Town. On T:13108 you advanced to experience level 11. On T:13397 you reached level 9 of The Dungeons of Doom. On T:13822 you reached level 10 of The Dungeons of Doom. On T:13841 you reached level 11 of The Dungeons of Doom. On T:13941 you reached level 1 of The Quest. On T:14189 you embarked upon an epic quest. On T:14325 you reached level 2 of The Quest. On T:14547 you reached level 3 of The Quest. On T:16491 you advanced to experience level 12. On T:17516 you received Snickersnee from Amaterasu Omikami. On T:17850 you advanced to experience level 13. On T:17864 you reached level 12 of The Dungeons of Doom. On T:18208 you reached level 13 of The Dungeons of Doom. On T:18849 you reached level 14 of The Dungeons of Doom. On T:19182 you reached level 15 of The Dungeons of Doom. On T:19488 you reached level 16 of The Dungeons of Doom. On T:19796 you reached level 17 of The Dungeons of Doom. On T:19824 you reached level 18 of The Dungeons of Doom. On T:21297 you reached level 2 of Town. On T:21344 you reached level 1 of Town. On T:22346 you killed Aphrodite on level 2 of Town. On T:25102 you reached level 19 of The Dungeons of Doom. On T:25286 you reached level 20 of The Dungeons of Doom. On T:25455 you reached level 21 of The Dungeons of Doom. On T:25466 you reached level 22 of The Dungeons of Doom. On T:26198 you reached level 23 of The Dungeons of Doom. On T:26596 you reached level 24 of The Dungeons of Doom. On T:27133 you advanced to experience level 14. On T:27415 you reached level 25 of The Dungeons of Doom. On T:27721 you reached level 26 of The Dungeons of Doom. On T:28503 you killed Medusa on level 26 of The Dungeons of Doom. On T:28617 you reached The Castle. On T:30687 you reached level 4 of The Quest. On T:30807 you reached level 5 of The Quest. On T:31351 you reached level 6 of The Quest. On T:31881 you killed Ashikaga Takauji on level 6 of The Quest. On T:32292 you completed the quest! On T:34292 you wished for "blessed fixed greased +3 cloak of magic resistance". On T:34577 you wished for "uncursed magic marker". On T:34680 you reached The Valley of the Dead. On T:34890 you advanced to experience level 15. On T:35074 you advanced to experience level 16. On T:35418 you genocided all arch-liches On T:35419 you genocided all master mind flayers On T:36785 you reached level 2 of Gehennom. On T:36981 you reached level 3 of Gehennom. On T:38011 you received a rustproof katana of searching from Amaterasu Omikami. On T:39161 you reached level 4 of Gehennom. On T:39167 you killed Juiblex on level 4 of Gehennom. On T:39446 you reached level 5 of Gehennom. On T:39466 you reached level 7 of Gehennom. On T:40478 you killed Asmodeus on level 7 of Gehennom. On T:40505 you genocided all master liches On T:40508 you reached level 8 of Gehennom. On T:40715 you reached level 9 of Gehennom. On T:41313 you killed Baalzebub on level 9 of Gehennom. On T:41459 you reached level 10 of Gehennom. On T:41463 you reached level 4 of Vlad's Tower. On T:41732 you reached level 3 of Vlad's Tower. On T:41835 you reached level 2 of Vlad's Tower. On T:41916 you reached level 1 of Vlad's Tower. On T:42058 you killed Vlad the Impaler on level 1 of Vlad's Tower. On T:43106 you reached level 11 of Gehennom. On T:43414 you reached level 12 of Gehennom. On T:43460 you advanced to experience level 17. On T:43488 you advanced to experience level 18. On T:43512 you killed Orcus on level 12 of Gehennom. On T:43745 you reached level 13 of Gehennom. On T:43770 you killed Yeenoghu on level 12 of Gehennom. On T:43897 you reached level 1 of The Dragon Caves. On T:44675 you reached level 2 of The Dragon Caves. On T:45089 you reached level 3 of The Dragon Caves. On T:45458 you reached level 4 of The Dragon Caves. On T:45856 you wished for "blessed fixed greased +3 mitre of holiness". On T:46685 you reached level 14 of Gehennom. On T:47019 you killed Geryon on level 14 of Gehennom. On T:47256 you reached level 15 of Gehennom. On T:47490 you reached level 16 of Gehennom. On T:47734 you reached level 17 of Gehennom. On T:48022 you reached level 18 of Gehennom. On T:48028 you killed Dispater on level 18 of Gehennom. On T:48187 you advanced to experience level 19. On T:48316 you advanced to experience level 20. On T:48434 you advanced to experience level 21. On T:48564 you reached level 19 of Gehennom. On T:48736 you reached level 20 of Gehennom. On T:48939 you reached level 21 of Gehennom. On T:48972 you reached level 23 of Gehennom. On T:49060 you reached level 22 of Gehennom. On T:49632 you advanced to experience level 22. On T:50104 you reached level 24 of Gehennom. On T:50615 you wished for "uncursed magic marker". On T:51231 you killed Wizard of Yendor on level 15 of Gehennom. On T:51663 you performed the invocation. On T:51665 you reached level 25 of Gehennom. On T:51801 you advanced to experience level 23. On T:51804 you advanced to experience level 24. On T:52090 you killed Cthulhu on level 25 of Gehennom. On T:52091 you gained the Amulet of Yendor! On T:53460 you lost the Amulet of Yendor. On T:53461 you gained the Amulet of Yendor! On T:53900 you reached Fort Knox. On T:54388 you advanced to experience level 25. On T:54410 you wished for "blessed fixed +3 magicbane". On T:54412 you reached the Astral Plane. On T:54414 you killed Wizard of Yendor on the Astral Plane. On T:54497 you reached the Plane of Water. On T:54523 you killed Wizard of Yendor on the Plane of Water. On T:54721 you reached the Plane of Fire. On T:54845 you reached the Plane of Air. On T:54851 you reached the Astral Plane. On T:54913 you killed Famine on the Astral Plane. On T:54971 you killed Pestilence on the Astral Plane. On T:55005 you killed Famine on the Astral Plane. On T:55014 you lost the Amulet of Yendor. On T:55014 you offered the Amulet of Yendor to Amaterasu Omikami and ascended to the status of Demigoddess! Latest messages: Status of the high priestess of Amaterasu Omikami (lawful): Level 33 HP 164(164) AC 1, peaceful. d - 8 uncursed eggs. y - an uncursed soldier ant egg. Pick an object. An invisible healer called Keizo the Magister [seen: see invisible] on the floor of a room. You hit Keizo the invisible Magister with the soldier ant egg. Splat! You offer the Amulet of Yendor to Amaterasu Omikami... An invisible choir sings, and you are bathed in radiance... The voice of Amaterasu Omikami booms: "Congratulations, mortal!" "In return for thy service, I grant thee the gift of Immortality!" You ascend to the status of Demigoddess... The sack is empty. Final status: Sayonara hothraxxa the Demigoddess... You went to your reward with 360840 points, Excalibur (worth 4000 zorkmids and 10000 points) The Tsurugi of Muramasa (worth 4500 zorkmids and 11250 points) Snickersnee (worth 1200 zorkmids and 3000 points) The Candelabrum of Invocation (worth 5000 zorkmids and 12500 points) The Book of the Dead (worth 10000 zorkmids and 25000 points) The Bell of Opening (worth 5000 zorkmids and 12500 points) 12 obsidian stones (worth 2400 zorkmids), 9 rubies (worth 31500 zorkmids), 9 sapphires (worth 27000 zorkmids), 8 turquoise stones (worth 16000 zorkmids), 6 diamonds (worth 24000 zorkmids), 6 emeralds (worth 15000 zorkmids), 6 topaz stones (worth 5400 zorkmids), 5 amber stones (worth 5000 zorkmids), 5 opals (worth 4000 zorkmids), 5 amethyst stones (worth 3000 zorkmids), 4 jet stones (worth 3400 zorkmids), 4 chrysoberyl stones (worth 2800 zorkmids), 4 fluorite stones (worth 1600 zorkmids), 3 citrine stones (worth 4500 zorkmids), 3 jasper stones (worth 1500 zorkmids), 3 agate stones (worth 600 zorkmids), 2 jacinth stones (worth 6500 zorkmids), 1 garnet stone (worth 700 zorkmids), 2 amulets of life saving (worth 300 zorkmids), 1 amulet of magical breathing (worth 150 zorkmids), 1 cheap plastic imitation of the Amulet of Yendor (worth 0 zorkmids), and 22186 pieces of gold, after 55014 moves. You were level 25 with a maximum of 496 hit points when you ascended.